 Dungeon Crawl Stone Soup version 0.27-a0-1557-g57f10a385c (webtiles) character file.

Game seed: 18115400387048073151

6852 robertstho the Thaumaturge (level 11, -22/76 HPs)
             Began as a Djinni Fire Elementalist on July 15, 2021.
             Was an Initiate of Gozag.
             Shot with an arrow by a centaur warrior (25 damage)
             ... on level 9 of the Dungeon.
             The game lasted 00:15:00 (11787 turns).

robertstho the Thaumaturge (DjFE)                  Turns: 11787, Time: 00:15:01

Health: -22/76     AC:  3    Str:  7    XL:     11   Next: 26%
Gold:   927        EV: 13    Int: 27    God:    Gozag SH:  0 Dex: 13

rFire    + + .     SeeInvis .   s - +4 glaive (vamp)
rCold    x . .     Faith    .   (shield currently unavailable)
rNeg     . . .     Spirit   .   a - +0 robe
rPois    ∞         Reflect  .   (no helmet)
rElec    .         Harm     .   (no cloak)
rCorr    +         Rampage  .   b - +0 pair of gloves
Will     +....                  (boots unavailable)
Stlth    ++........             p - amulet of regeneration
HPRegen  1.22/turn              j - ring of resist corrosion
MPRegen  0.00/turn              m - +6 ring of intelligence

@: flying
A: sickness immunity, fire resistance 2, cold vulnerability 1, float, innate
caster, hp casting, extra vitality 1
a: Renounce Religion, Potion Petition, Call Merchant, Bribe Branch


You were on level 9 of the Dungeon.
You worshipped Gozag.
Gozag was pleased with you.
You visited 2 branches of the dungeon, and saw 10 of its levels.

You collected 1017 gold pieces.
You paid 90 gold pieces to Gozag.

Inventory:

Hand Weapons
 c - a +0 trident
 g - a +3 battleaxe
 s - a +4 vampiric glaive (weapon)
Missiles
 y - a curare-tipped dart
 A - 2 throwing nets
Armour
 a - a +0 robe (worn)
 b - a +0 pair of gloves (worn)
Jewellery
 j - a ring of resist corrosion (left hand)
 m - a +6 ring of intelligence (right hand)
 p - an amulet of regeneration (around neck)
 u - a ring of fire
 z - the ring "Hyaduamp" {Str+3 Dex+6}
   (You found it on level 7 of the Dungeon)

   [ring of dexterity]

   Str:       It affects your strength (+3).
   Dex:       It affects your dexterity (+6).
 H - a ring of willpower
Wands
 w - a wand of digging (3)
 D - a wand of flame (24)
 E - a wand of paralysis (9)
Scrolls
 h - 4 scrolls of identify
 l - a scroll of fog
 n - a scroll of teleportation {unknown}
 t - 2 scrolls of fear
 v - 2 scrolls of vulnerability {unknown}
 C - a scroll of noise {unknown}
 F - a scroll of blinking
Potions
 d - a potion of invisibility
 e - 2 potions of heal wounds {unknown}
 f - 2 potions of ambrosia {unknown}
 i - 2 potions of mutation {unknown}
 k - a potion of curing {unknown}
 o - 2 potions of might {unknown}
 q - 2 potions of lignification {unknown}
 r - a potion of flight {unknown}
 x - a potion of berserk rage {unknown}
 B - 2 potions of magic {unknown}
 G - 2 potions of degeneration {unknown}
Miscellaneous
 I - a tin of tremorstones (2/2)


   Skills:
 * Level 5.4 Fighting
 + Level 1.1 Axes
 + Level 0.1(0.6) Polearms
 + Level 3.8 Dodging
 + Level 3.6 Stealth
 * Level 11.5 Spellcasting


You had 3 spell levels left.
You knew the following spells:

 Your Spells              Type           Power      Damage    Failure   Level
a - Foxfire               Conj/Fire      100%       2x1d9     1%          1
b - Conjure Flame         Conj/Fire      67%        6-21      1%          3
c - Inner Flame           Hex/Fire       67%        N/A       1%          3
d - Sticky Flame          Conj/Fire      67%        2d8       1%          4
e - Fireball              Conj/Fire      33%        3d14      1%          5
f - Summon Small Mammal   Summ           100%       N/A       1%          1
g - Searing Ray           Conj           100%       3d7       1%          2
h - Wereblood             Tmut           67%        N/A       1%          2
i - Summon Lightning Spi  Summ/Air       67%        N/A       1%          4
j - Borgnjor's Vile Clut  Necr/Erth      33%        N/A       1%          5
Your spell library was empty.

Dungeon Overview and Level Annotations

Branches:
Dungeon (9/15)             Temple (1/1) D:5
   Lair: D:8-11         Orc: D:9-12

Altars:
Ashenzari
Cheibriados
Dithmenos
Elyvilon
Fedhas
Gozag
Hepliaklqana
Kikubaaqudgha
Makhleb
Nemelex Xobeh
Okawaru
Qazlal
Ru
Sif Muna
Trog
Uskayaw
Vehumet
Wu Jian
Xom
Yredelemnul
Zin
The Shining One


Innate Abilities, Weirdness & Mutations

You are immune to sickness and miasma.
You are immune to poison.
Your flesh is very heat resistant. (rF++)
You are vulnerable to cold. (rC-)
You float through the air rather than walking.
You learn spells naturally, not from books.
Your magical power is your life essence.
You have superior vitality. (+4 HP)


Message History

Aim: an orc warrior, wielding a +0 battleaxe and wearing a +0 chain mail (wandering, hasn't noticed you)
The fireball explodes!
The fireball engulfs the orc warrior!!
The orc warrior is almost dead.
The orc warrior shouts!
Casting: Fireball (dangerous; 1% risk of failure)
Confirm with . or Enter, or press ? or * to list all spells.
Aiming: Fireball (dangerous; 1% risk of failure)
Press: ? - help, Shift-Dir - straight line, f/p - orc warrior
Aim: an orc warrior, wielding a +0 battleaxe and wearing a +0 chain mail (almost dead)
The fireball explodes!
The fireball engulfs the orc warrior!!!
You kill the orc warrior!
A centaur warrior comes into view.
Casting: Fireball (dangerous; 1% risk of failure)
Confirm with . or Enter, or press ? or * to list all spells.
Aiming: Fireball (dangerous; 1% risk of failure)
Press: ? - help, Shift-Dir - straight line, f - centaur warrior
Aim: a centaur warrior, quivering arrows (wandering, hasn't noticed you)
The fireball explodes!
The fireball engulfs the centaur warrior!!
The centaur warrior is heavily wounded.
Unknown command.
Casting: Fireball (dangerous; 1% risk of failure)
Confirm with . or Enter, or press ? or * to list all spells.
Aiming: Fireball (dangerous; 1% risk of failure)
Press: ? - help, Shift-Dir - straight line, f/p - centaur warrior
Aim: a centaur warrior, quivering arrows (heavily wounded)
The fireball explodes!
The fireball engulfs the centaur warrior!
The centaur warrior is severely wounded.
The centaur warrior wields a +0 shortbow.
The centaur warrior shoots an arrow.
The arrow hits you!
A centaur zombie comes into view.
The centaur warrior shoots an arrow.
The arrow hits you!!
* * * LOW HITPOINT WARNING * * *
Casting: Fireball (dangerous; 1% risk of failure)
Confirm with . or Enter, or press ? or * to list all spells.
You don't have enough health to cast this spell.
The centaur warrior shoots an arrow.
The arrow hits you!!
You die...
Your body crumbles into a pile of gold.

##.# #. ...# #.# #.#
#..###.# #.# #... ... #
#.# #..###.# .. #.#
#....#>#
##.####.###..#.#.# #
#............#.#.#.###.#
>.............F.@...cZ..
#........###.....#.###$#
...#####.###.......$.
##..####.#.#.....
#.....##.#.#......
#.....##.#.# ###'#
#.....##.### #
###........##
#...........#


You could see a centaur warrior, a bullfrog and a centaur zombie.

Vanquished Creatures
  A catoblepas (D:9)
  2 two-headed ogres
  A cyclops (D:8)
  Joseph (D:7)
  Psyche (D:8)
  Prince Ribbit (D:8)
  A wyvern (D:7)
  A water moccasin (D:6)
  3 orc warriors
  An ice beast (D:7)
  A sky beast (D:6)
  A black bear (D:7)
  A phantom (D:7)
  A kobold brigand (D:7)
  2 bullfrogs
  3 scorpions
  5 killer bees (D:9)
  11 howler monkeys
  3 wights (D:6)
  A bullfrog zombie (D:6)
  4 centaur zombies
  A bullfrog skeleton (D:5)
  A hound (D:5)
  2 orc priests
  A centaur skeleton (D:6)
  8 orc wizards
  An iguana (D:5)
  3 killer bee zombies
  2 gnolls (D:3)
  3 adders
  A shadow imp (D:6)
  2 dart slugs
  A worm (D:2)
  25 orcs
  2 bat zombies (D:4)
  2 endoplasms
  4 giant cockroaches
  5 hobgoblins
  7 jackals
  8 kobolds
  2 quokkas
  5 ball pythons
  3 bats
  2 frilled lizards
  9 goblins
  3 rats
  A rat zombie (D:4)
150 creatures vanquished.

Vanquished Creatures (collateral kills)
  Harold (D:8)
  Maurice (D:8)
  A wyvern (D:8)
  A howler monkey (D:8)
  An orc priest (D:8)
  2 orcs (D:8)
  A foxfire (D:1)
8 creatures vanquished.

Vanquished Creatures (others)
  634 foxfires
  4 fungi (D:4)
638 creatures vanquished.

Grand Total: 796 creatures vanquished

Notes
Turn   | Place    | Note
-------+----------+-------------------------------------------
     0 | D:1      | robertstho the Djinni Fire Elementalist began the quest for
                  | the Orb.
     0 | D:1      | Reached XP level 1. HP: 15/15 MP: 0/0
   491 | D:1      | Reached XP level 2. HP: 20/21 MP: 0/0
  1054 | D:1      | Found a faded altar of an unknown god.
  1128 | D:1      | Reached skill level 3 in Spellcasting
  1304 | D:1      | Reached XP level 3. HP: 21/25 MP: 0/0
  1304 | D:1      | Learned a level 1 spell: Summon Small Mammal
  3147 | D:2      | Reached XP level 4. HP: 18/31 MP: 0/0
  4059 | D:3      | You are sucked into a shaft and drop 1 floor!
  4628 | D:4      | Reached skill level 1 in Fighting
  4628 | D:4      | Reached skill level 4 in Spellcasting
  4628 | D:4      | Reached XP level 5. HP: 25/37 MP: 0/0
  4628 | D:4      | Learned a level 2 spell: Searing Ray
  4841 | D:4      | Found a hide-covered altar of Uskayaw.
  5376 | D:4      | Found an iron altar of Okawaru.
  5429 | D:5      | Entered Level 5 of the Dungeon
  5526 | D:5      | Reached XP level 6. HP: 31/42 MP: 0/0
  5526 | D:5      | Found a staircase to the Ecumenical Temple.
  5536 | Temple   | Entered the Ecumenical Temple
  5826 | Temple   | Became a worshipper of Gozag Ym Sagoz the Greedy
  5956 | D:5      | Found a sacrificial altar of Ru.
  5959 | D:5      | Found a snail-covered altar of Cheibriados.
  6067 | D:5      | Reached skill level 5 in Spellcasting
  6298 | D:5      | Reached XP level 7. HP: 46/49 MP: 0/0
  6298 | D:5      | Learned a level 2 spell: Wereblood
  6478 | D:5      | Found a white marble altar of Elyvilon.
  6868 | D:6      | Reached skill level 6 in Spellcasting
  7007 | D:6      | Reached XP level 8. HP: 52/55 MP: 0/0
  8002 | D:7      | Noticed Joseph
  8020 | D:7      | Killed Joseph
  8021 | D:7      | Reached skill level 7 in Spellcasting
  8030 | D:7      | Reached XP level 9. HP: 16/60 MP: 0/0
  8030 | D:7      | Learned a level 4 spell: Summon Lightning Spire
  8300 | D:7      | Reached skill level 8 in Spellcasting
  8858 | D:7      | Identified the ring "Hyaduamp" {Str+3 Dex+6}
  9831 | D:8      | Noticed a two-headed ogre
  9838 | D:8      | Noticed Harold
 10105 | D:8      | Noticed a cyclops
 10110 | D:8      | Killed a cyclops
 10111 | D:8      | Reached skill level 1 in Axes
 10111 | D:8      | Reached skill level 9 in Spellcasting
 10180 | D:8      | Reached XP level 10. HP: 33/67 MP: 0/0
 10502 | D:8      | Killed Harold
 10503 | D:8      | Reached skill level 10 in Spellcasting
 10622 | D:8      | Noticed Maurice
 10634 | D:8      | Killed Maurice
 10974 | D:8      | Noticed Prince Ribbit
 10975 | D:8      | Killed Prince Ribbit
 10980 | D:8      | Found a shadowy altar of Dithmenos.
 11000 | D:8      | Found a basalt altar of Yredelemnul.
 11019 | D:8      | Killed a two-headed ogre
 11307 | D:8      | Found a hazy altar of Hepliaklqana.
 11310 | D:8      | Noticed Psyche
 11312 | D:8      | Killed Psyche
 11505 | D:9      | Noticed a catoblepas
 11512 | D:9      | Killed a catoblepas
 11513 | D:9      | Reached skill level 5 in Fighting
 11513 | D:9      | Reached skill level 11 in Spellcasting
 11513 | D:9      | Reached XP level 11. HP: 50/75 MP: 0/0
 11513 | D:9      | Learned a level 5 spell: Borgnjor's Vile Clutch
 11699 | D:9      | Noticed a two-headed ogre
 11702 | D:9      | Killed a two-headed ogre
 11784 | D:9      | Noticed a centaur warrior
 11786 | D:9      | HP: 2/76 [centaur warrior/arrow (25)]
 11787 | D:9      | Shot with an arrow by a centaur warrior

Illustrated notes

Levels and vault maps discovered:
D:1:      dpeg_arrival_refuge, layout_basic, shapermc_ecumenical_altar_rom_forum
D:2:      layout_loops_ring
D:3:      layout_basic
D:4:      layout_loops_ring, okawaru_gym_becter,
          lemuel_zombie_altar_kikubaaqudgha, mainiacjoe_overflow_alcove_1,
          serial_aquarium, aquarium_bridge_long_separate
          [aquarium_subvault_bridge, aquarium_subvault_bridge,
          aquarium_subvault_bridge, aquarium_subvault_bridge,
          aquarium_subvault_bridge, aquarium_subvault_wall], aquarium_window_2,
          aquarium_window_1, aquarium_window_2, aquarium_window_1,
          aquarium_view_2g, aquarium_balcony_1a, minmay_misc_feat_columns,
          roderic_serpentine_path
D:5:      layout_basic, mainiacjoe_overflow_alcove_2,
          lemuel_coloured_pillars_altar, general_overflow_altar,
          minmay_temple_entry_junction_2
D:6:      layout_gridville
D:7:      layout_layer_cave, uniq_joseph
D:8:      layout_cave_pools, kennysheep_mini_moat,
          mainiacjoe_overflow_large_starburst, chequers_serial_rivers_small_a,
          uniq_maurice, uniq_psyche, uniq_prince_ribbit1, uniq_harold
D:9:      layout_basic
Temple:   nicolae_temple_figure_eight

Skill      XL: |  1  2  3  4  5  6  7  8  9 10 |
---------------+-------------------------------+-----
Spellcasting   | 3 4 5 6 7 9 11 | 11.5
Fighting       | 1 2 3 4 5 |  5.4
Stealth        | 2 3 |  3.6
Dodging        | 3 |  3.8
Axes           | 1 |  1.1
Polearms       | |  0.1

Action                   |  1- 3 |  4- 6 |  7- 9 | 10-12 || total
-------------------------+-------+-------+-------+-------++-------
Melee: Trident           |     3 |       |       |       ||     3
       Battleaxe         |       |       |     2 |       ||     2
 Cast: Foxfire           |   100 |   114 |   170 |       ||   384
       Sticky Flame      |       |     2 |     8 |     3 ||    13
       Fireball          |       |       |     8 |    54 ||    62
       Summon Lightning  |       |       |     1 |     5 ||     6
  Use: Scroll            |       |       |     5 |       ||     5
       Potion            |       |       |     1 |       ||     1
 Stab: Sleeping          |     1 |       |       |       ||     1
Armor: Robe              |    16 |    12 |    11 |     1 ||    40
Dodge: Dodged            |    56 |    24 |    18 |     3 ||   101

Table legend: (Time is in decaauts)
 A = Elapsed time spent in this place.
 B = Non-inter-level travel time spent in this place.
 C = Inter-level travel time spent in this place.
 D = Time resting spent in this place.
 E = Time spent auto-exploring this place.
 F = Levels seen in this place.
 G = Mean time per level.
                   A        B        C        D        E       F      G
               +--------+--------+--------+--------+--------+-----+--------+
         Total |  11789 |  11494 |    295 |    646 |   9767 |  10 | 1178.9 |
       Dungeon |  11478 |  11222 |    256 |    646 |   9496 |   9 | 1275.3 |
        Temple |    310 |    272 |     38 |      0 |    271 |   1 |  310.0 |
               +--------+--------+--------+--------+--------+-----+--------+

Top non-repeatable levels by time:
     D:7: 2322 daAuts
     D:1: 2204 daAuts
     D:2: 1519 daAuts
     D:4: 1369 daAuts
     D:6: 1333 daAuts
     D:8: 1228 daAuts
     D:5: 881 daAuts
     D:3: 336 daAuts
  Temple: 310 daAuts
     D:9: 281 daAuts
